 Dungeon Crawl Stone Soup version 0.28-a0-819-g6ef7baa362 (webtiles) character file.

Game seed: 8623178169837824323

67 siradein the Cudgeller (level 3, -6/37 HPs)
             Began as a Troll Monk on Nov 9, 2021.
             Mangled by a gnoll (11 damage)
             ... on level 3 of the Dungeon.
             The game lasted 00:05:02 (1543 turns).

siradein the Cudgeller (Troll Monk)                 Turns: 1543, Time: 00:05:03

Health: -6/37      AC:  4    Str: 19    XL:     3   Next: 98%
Magic:  2/2        EV: 10    Int:  6    God:
Gold:   48         SH:  0    Dex: 13    Spells: 2/2 levels left

rFire   . . .      SeeInvis .   a - +0 mace
rCold   . . .      Faith    .   (no shield)
rNeg    . . .      Spirit   .   b - +0 robe
rPois   .          Reflect  .   (helmet restricted)
rElec   .          Harm     .   (no cloak)
rCorr   .          Rampage  .   (gloves unavailable)
Will    .....                   (boots unavailable)
Stlth   ++........              (no amulet)
HPRegen 1.12/turn               (no ring)
MPRegen 0.08/turn               (no ring)

@: no status effects
A: large, unfitting armour, claws 3, regeneration 1, shaggy fur 1, tough skin 1
a: no special abilities


You were on level 3 of the Dungeon.
You visited 1 branch of the dungeon, and saw 3 of its levels.

You collected 48 gold pieces.

Inventory:

Hand Weapons
 a - a +0 mace (weapon)
Armour
 b - a +0 robe (worn)
Scrolls
 f - 5 scrolls of identify {unknown}
 g - 2 scrolls of vulnerability {unknown}
Potions
 c - 2 potions of resistance {unknown}
 d - 2 potions of brilliance {unknown}
 e - a potion of cancellation {unknown}
 h - a potion of flight {unknown}
 i - 2 potions of magic {unknown}
 j - a potion of lignification {unknown}
 k - a potion of heal wounds {unknown}


   Skills:
 + Level 3.0 Fighting
 + Level 3.3 Maces & Flails
 + Level 3.0 Dodging
 - Level 1.0 Stealth


You had 2 spell levels left.
You didn't know any spells.
Your spell library contained the following spells:

 Spells                   Type           Power      Damage    Failure   Level
 Animate Dead             Necr           0%         N/A       99%         4
 Haunt                    Necr/Summ      0%         N/A       100%        7
 Infestation              Necr           0%         N/A       100%        8


Dungeon Overview and Level Annotations

Branches:
Dungeon (3/15)

Altars:

Annotations:
D:3 1 runed translucent door, siradein's ghost, amateur DsFi


Innate Abilities, Weirdness & Mutations

You are too large for most types of armour.
You have claws for hands.
Your natural rate of healing is unusually fast.
You are covered in fur. (AC +1)
You have tough skin. (AC +1)


Message History

A gnoll is nearby!
No target in view!
No target in view!
No target in view!
No target in view!
Found an escape hatch in the floor.
You see here a +0 club.
No target in view!
No target in view!
No target in view!
A gnoll is nearby!
A gnoll comes into view. It is wielding a +0 spear.
Found a stone staircase leading down and a stone staircase leading up.
The gnoll shouts!
You hear a shout!
The gnoll shouts!
A gnoll comes into view. It is wielding a +0 flail.
The gnoll drinks a potion.
The gnoll flickers and vanishes!
Deactivating autopickup; reactivate with Ctrl-A.
Something hits you! Something hits you!
You are too injured to fight recklessly!
You are too injured to fight recklessly!
You are too injured to fight recklessly!
You are too injured to fight recklessly!
Something hits you. Something hits you but does no damage.
There is an open door here.
You sock the gnoll!
The gnoll is severely wounded.
The gnoll closely misses you.
You sock the gnoll!
You kill the gnoll!
Something hits you! Something hits you. The gnoll barely misses you.
You see here a +0 flail.
You hit something. Something hits you!
The gnoll hits you from afar with a +0 spear.
Something hits you!
* * * LOW HITPOINT WARNING * * *
You closely miss something. The gnoll barely misses you. Something hits you!
You die...

#...# #. #.#...##.....##....
#...# #.##.#...#⌠.?♣!.⌠#....
#...######.#........##.....##....
#..>.......#..#......##...##....#
#.............###.#...##.##......
#...#########.###.#....#+#......#
#...#...........(.#.........#####
##.##.#######.#######......######
#.##.# #...@{g.'....+.......
#....# #########)...########
###### #............
#............ #.)...#....#.
#))...#...... #.................
#..........#......
#..........##.....


You could see a gnoll.

Vanquished Creatures
  A gnoll (D:3)
  An adder (D:2)
  2 worms (D:2)
  4 orcs (D:3)
  3 bats
  4 endoplasms
  5 hobgoblins
  3 ball pythons (D:1)
  4 frilled lizards
  3 goblins
  4 kobolds
  6 rats
40 creatures vanquished.

Notes
Turn   | Place    | Note
-------+----------+-------------------------------------------
     0 | D:1      | siradein the Troll Monk began the quest for the Orb.
     0 | D:1      | Reached XP level 1. HP: 22/22 MP: 0/0
   246 | D:1      | Reached XP level 2. HP: 29/29 MP: 1/1
   808 | D:2      | Found a faded altar of an unknown god.
   854 | D:2      | Reached XP level 3. HP: 33/36 MP: 2/2
  1421 | D:3      | Found a runed translucent door.
  1421 | D:3      | Noticed siradein's ghost (amateur DsFi)
  1543 | D:3      | Mangled by a gnoll

Illustrated notes

Levels and vault maps discovered:
D:1:      matt_arrival_spirals, layout_basic
D:2:      layout_basic, basic_ecumenical_altar, minmay_cupped
D:3:      layout_basic, hellmonk_ghost_happy_afterlife

Skill      XL: |  1  2  3 |
---------------+----------+-----
Maces & Flails | 3 |  3.3
Fighting       | 3 |  3.0
Dodging        | 3 |  3.0
Stealth        | |  1.0

Action                   || total
-------------------------++-------
Melee: Mace              ||   118
 Stab: Sleeping          ||     4
Armor: Robe              ||    48
Dodge: Dodged            ||    82

Table legend: (Time is in decaauts)
 A = Elapsed time spent in this place.
 B = Non-inter-level travel time spent in this place.
 C = Inter-level travel time spent in this place.
 D = Time resting spent in this place.
 E = Time spent auto-exploring this place.
 F = Levels seen in this place.
 G = Mean time per level.
                   A        B        C        D        E       F      G
               +--------+--------+--------+--------+--------+-----+--------+
         Total |   1571 |   1500 |     71 |      0 |   1168 |   3 |  523.7 |
       Dungeon |   1571 |   1500 |     71 |      0 |   1168 |   3 |  523.7 |
               +--------+--------+--------+--------+--------+-----+--------+

Top non-repeatable levels by time:
     D:1: 774 daAuts
     D:2: 571 daAuts
     D:3: 225 daAuts
